 Dungeon Crawl Stone Soup version 0.19-a0-1166-g02d67b9 (webtiles) character file.

6757 Duffy the Covert (level 10, 56/56 HPs)
             Began as a Spriggan Enchanter on Aug 14, 2016.
             Was an Elder of Kikubaaqudgha.
             Quit the game on level 8 of the Dungeon on Aug 15, 2016.
             The game lasted 00:19:43 (11401 turns).

Duffy the Covert (Spriggan Enchanter)              Turns: 11401, Time: 00:19:44

Health: 56/56      AC:  7    Str:  4    XL:     10   Next: 75%
Magic:  32/32      EV: 26    Int: 25    God:    Kikubaaqudgha [****..]
Gold:   521        SH:  0    Dex: 18    Spells: 4 memorised, 16 levels left

rFire  . . .     SeeInvis +     U - +0 dagger (chaos)
rCold  . . .     Gourm    .     V - +2 robe
rNeg   . . .     Faith    .     (shield restricted)
rPois  +         Spirit   .     (helmet restricted)
rElec  .         Dismiss  .     w - +0 cloak
rCorr  .         Reflect  .     (gloves unavailable)
MR     +....     Harm     .     (boots unavailable)
Stlth  ++++++.... Rnd*Rage +    (no amulet)
                                F - ring of magical power
                                p - ring of poison resistance

@: very quick
A: unfitting armour, slimy green scales 1, thin skeletal structure 1, see
invisible, berserk 1, clever 2, herbivore 3, speed 3, slow metabolism 2,
MP-powered wands
a: Receive Corpses, Renounce Religion


You were on level 8 of the Dungeon.
You worshipped Kikubaaqudgha.
Kikubaaqudgha was greatly pleased with you.
You were not hungry.

You visited 1 branch of the dungeon, and saw 9 of its levels.

You collected 521 gold pieces.


Innate Abilities, Weirdness & Mutations

You are tiny and cannot use many weapons and most armour.
You have supernaturally acute eyesight. (SInv)
You are a herbivore.
You cover ground extremely quickly.
You need consume almost no food.
You are partially covered in slimy green scales. (AC +2)
You have a somewhat thin skeletal structure. (Dex +2, Stealth)
You tend to lose your temper in combat.
Your mind is very acute. (Int +4)
You expend magic power (3 MP) to strengthen your wands.


   Skills:
 + Level 8.1 Fighting
 - Level 5.0 Short Blades
 - Level 9.5 Dodging
 - Level 10.0 Stealth
 - Level 8.2 Spellcasting
 - Level 8.0 Hexes
 - Level 2.0 Ice Magic


You had 16 spell levels left.
You knew the following spells:

 Your Spells              Type           Power        Failure   Level  Hunger
a - Ensorcelled Hibernat  Hex/Ice        #####.       1%          2    None
c - Confuse               Hex            ######..     1%          3    None
l - Tukima's Dance        Hex            ######..     1%          3    None
r - Corona                Hex            ######.      1%          1    None

Inventory:

Hand Weapons
 a - a +1 dagger
 k - a +2 short sword of draining
 U - a +0 dagger of chaos (weapon)
 Y - a +1 dagger of electrocution
Missiles
 G - 3 tomahawks (quivered)
 M - 3 exploding tomahawks
Armour
 b - a +1 robe
 w - a +0 cloak (worn)
 V - a +2 robe (worn)
Magical Staves
 S - an uncursed staff of cold {unknown}
 T - an uncursed staff of death {unknown}
Jewellery
 p - a ring of poison resistance (left hand)
 F - a ring of magical power (right hand)
 J - a +4 ring of intelligence {unknown}
 K - a cursed ring of teleportation {unknown}
 N - an uncursed ring of resist corrosion {unknown}
Wands
 u - a wand of confusion (38/48)
 z - a wand of iceblast (10/15)
 C - a wand of flame (42/48)
 E - a wand of teleportation (4/9)
Scrolls
 g - 3 scrolls of amnesia {unknown}
 h - 3 scrolls of remove curse {unknown}
 m - 4 scrolls of magic mapping {unknown}
 o - 2 scrolls of immolation {unknown}
 r - a scroll of recharging
 s - 2 scrolls of fog {unknown}
 v - 5 scrolls of teleportation {unknown}
 x - a scroll of random uselessness
 D - a scroll of noise
 I - a scroll of blinking
 P - a scroll of enchant weapon
 W - a scroll of enchant armour
 X - a scroll of vulnerability
Potions
 f - a potion of brilliance {unknown}
 i - 2 potions of berserk rage {unknown}
 j - 5 potions of degeneration {unknown}
 l - a potion of magic {unknown}
 n - a potion of might {unknown}
 q - a potion of cancellation {unknown}
 t - 4 potions of heal wounds {unknown}
 B - 2 potions of curing {unknown}
 H - 2 potions of cure mutation {unknown}
Books
 c - a book of Maledictions
 y - Kikubaaqudgha's Almanac of Dark Secrets

   Spells                             Type                      Level
   a - Animate Skeleton               Necromancy                   1
   b - Corpse Rot                     Necromancy                   2
   c - Sublimation of Blood           Necromancy                   2
   d - Vampiric Draining              Necromancy                   3
   e - Control Undead                 Necromancy                   4
 A - a book of the Sky
 L - a book of Alchemy
 Q - Kikubaaqudgha's Collected Works on Unholy Rites

   Spells                             Type                      Level
   a - Excruciating Wounds            Charms/Necromancy            5
   b - Bolt of Draining               Conjuration/Necromancy       5
   c - Cigotuvi's Embrace             Necromancy                   5
   d - Dispel Undead                  Necromancy                   5
   e - Simulacrum                     Ice/Necromancy               6
Comestibles
 d - 7 bread rations
 Z - 7 slices of pizza

Dungeon Overview and Level Annotations

Branches:
Dungeon (9/15)             Temple (0/1) D:6
   Lair: D:8-11         Orc: D:9-12

Altars:
Gozag
Kikubaaqudgha
Okawaru
Pakellas
Ru
Sif Muna
Uskayaw
Yredelemnul
Zin


Message History

d - 7 bread rations (gained 2)
Z - 7 slices of pizza Done exploring.
Okay, then.
Done exploring.
(D) Dungeon (T) Temple
Where to? (* - list waypoints, Enter - D:7 @ (x,y), ? - help)
You see here 2 beef jerkies.
There is an open door here.
Things that are here:
a hand axe; an animal skin
There is an open door here.
There is a stone staircase leading down here.
You climb downwards.
Level annotation: exclusion: upstairs
There is a stone staircase leading up here.
Press: ? - help, v - describe, . - travel A stone staircase leading up.
Removed exclusion.
As you read the scroll labeled MUTWUNK HAAPTO, it crumbles to dust.
It is a scroll of identify.
W - a scroll of enchant armour
As you read the scroll of identify, it crumbles to dust.
X - a scroll of vulnerability
As you read the scroll of identify, it crumbles to dust.
P - a scroll of enchant weapon
As you read the scroll of identify, it crumbles to dust.
I - a scroll of blinking
As you read the scroll of identify, it crumbles to dust.
D - a scroll of noise
As you read the scroll of identify, it crumbles to dust.
x - a scroll of random uselessness
As you read the scroll of identify, it crumbles to dust.
r - a scroll of recharging
As you read the scroll of identify, it crumbles to dust.
R - a potion of beneficial mutation
As you read the scroll of identify, it crumbles to dust.
O - 2 potions of mutation Your bones become slightly less dense.
You feel fantastic!
You feel extremely strange.
Slimy green scales grow over part of your body.
You feel a little pissed off.
You feel extremely strange.
You feel your magical essence link to your wands.
You feel clever. x2
Unknown command.
Are you sure you want to abandon this character and quit the game? (Confirm with "yes".)
Okay, then.
Are you sure you want to abandon this character and quit the game? (Confirm with "yes".)

#.# #.....~~~~~~~~~~~~~#
#.# #.###.~~~~~~~~~~~~~#
#.# #.# ##~~~~~~~~~~~~~#
#.# #.# #~~~~~~~~~~~~~#
#.####.#####.##.#.###.(.#
#.......................#
#
#.###......#.#########.##
## #(...............# #.#
#. ###.###....[#@####.#
#.# ##. #..#........#<#
#.# #.###..
#.#.#########.# #.#
#.##.## #.#.# #.# #.#
#...### #.#.# #.# #.#
####.## #.#.#########.#
#.# #.... #.#.....).....#
#.# #.... #.#############
#.# ##.... #.#
#.######.....


There were no monsters in sight!

Action                   |  1- 3 |  4- 6 |  7- 9 | 10-12 || total
-------------------------+-------+-------+-------+-------++-------
Melee: Dagger            |    17 |       |       |    98 ||   115
       Short sword       |    72 |   160 |   236 |    43 ||   511
 Cast: Ensorcelled Hiber |       |     6 |    65 |    44 ||   115
       Confuse           |       |     5 |    31 |    33 ||    69
       Tukima's Dance    |       |       |     1 |       ||     1
  Use: Scroll            |       |       |       |     9 ||     9
       Potion            |       |       |       |     3 ||     3
 Stab: Sleeping          |    12 |    13 |    70 |    35 ||   130
       Confused          |       |     3 |    16 |     8 ||    27
       Paralysed         |       |       |       |     2 ||     2
       Petrified         |       |       |       |     1 ||     1
  Eat: Pizza             |       |       |     1 |       ||     1
       Bread ration      |       |       |     1 |       ||     1
       Royal jelly       |       |       |       |     1 ||     1
Armor: Robe              |     8 |    10 |    18 |     5 ||    41
Dodge: Dodged            |    54 |   105 |   106 |   115 ||   380

Notes
Turn   | Place    | Note
-------+----------+-------------------------------------------
     0 | D:1      | Duffy the Spriggan Enchanter began the quest for the Orb.
     0 | D:1      | Reached XP level 1. HP: 9/9 MP: 5/5
   183 | D:1      | Reached XP level 2. HP: 13/13 MP: 6/6
   358 | D:1      | Reached skill level 4 in Hexes
   468 | D:1      | Reached skill level 2 in Short Blades
   485 | D:1      | Learned a level 2 spell: Ensorcelled Hibernation
   499 | D:1      | Reached skill level 3 in Spellcasting
   754 | D:1      | Reached XP level 3. HP: 16/16 MP: 8/8
  1086 | D:2      | Learned a level 3 spell: Confuse
  1268 | D:2      | Reached skill level 5 in Stealth
  1310 | D:2      | Noticed Terence
  1314 | D:2      | Found an oddly glowing altar of Pakellas.
  1328 | D:2      | Killed Terence
  1328 | D:2      | Reached XP level 4. HP: 17/21 MP: 10/10
  1380 | D:2      | Learned a level 3 spell: Tukima's Dance
  1933 | D:3      | Noticed Natasha
  1951 | D:3      | Killed Natasha
  1951 | D:3      | Reached XP level 5. HP: 24/24 MP: 8/11
  2028 | D:3      | Reached skill level 6 in Stealth
  2100 | D:3      | Noticed Natasha
  2101 | D:3      | Reached skill level 5 in Hexes
  2105 | D:3      | Reached skill level 3 in Short Blades
  2118 | D:3      | Killed Natasha
  2232 | D:3      | Found an ancient bone altar of Kikubaaqudgha.
  2232 | D:3      | Found a hide-covered altar of Uskayaw.
  2233 | D:3      | Found a glowing silver altar of Zin.
  2274 | D:3      | Became a worshipper of Kikubaaqudgha
  2682 | D:3      | Reached skill level 4 in Spellcasting
  2818 | D:4      | Noticed Dowan
  2820 | D:4      | Noticed Duvessa
  2835 | D:3      | Reached XP level 6. HP: 24/28 MP: 10/13
  3064 | D:4      | Noticed Robin
  3078 | D:4      | Killed Robin
  3108 | D:4      | Found an iron altar of Okawaru.
  3144 | D:4      | Noticed heinrich's ghost (novice HESk)
  3171 | D:4      | Killed heinrich's ghost
  3171 | D:4      | Reached skill level 4 in Short Blades
  3171 | D:4      | Reached skill level 7 in Stealth
  3171 | D:4      | Reached skill level 5 in Spellcasting
  3171 | D:4      | Reached skill level 6 in Hexes
  3171 | D:4      | Reached XP level 7. HP: 26/32 MP: 3/15
  3670 | D:4      | Killed Dowan
  3670 | D:4      | Reached skill level 8 in Stealth
  3786 | D:4      | Killed Duvessa
  3923 | D:4      | You fall through a shaft for 2 floors!
  3952 | D:6      | Found an ancient bone altar of Kikubaaqudgha.
  3953 | D:6      | Noticed a human
  3961 | D:6      | Reached * piety under Kikubaaqudgha
  3961 | D:6      | Received a gift from Kikubaaqudgha
  3962 | D:6      | Killed a human
  3963 | D:6      | Identified Kikubaaqudgha's Almanac of Dark Secrets (Kikubaaqudgha gifted it to you on level 6 of the Dungeon)
  4185 | D:6      | Reached skill level 5 in Short Blades
  4185 | D:6      | Reached skill level 7 in Hexes
  4185 | D:6      | Reached XP level 8. HP: 36/36 MP: 17/17
  4201 | D:6      | Noticed Eustachio
  4204 | D:6      | Killed Eustachio
  4204 | D:6      | Reached skill level 9 in Stealth
  4204 | D:6      | Reached skill level 6 in Spellcasting
  4231 | D:6      | Noticed Natasha
  4231 | D:5      | Entered Level 5 of the Dungeon
  5457 | D:5      | Reached skill level 7 in Spellcasting
  5494 | D:5      | Reached skill level 8 in Hexes
  5619 | D:5      | Reached skill level 10 in Stealth
  5702 | D:6      | Found a staircase to the Ecumenical Temple.
  5957 | D:6      | Reached skill level 1 in Ice Magic
  6099 | D:6      | Noticed Sigmund
  6117 | D:6      | Killed Sigmund
  6266 | D:6      | Killed Natasha
  6458 | D:6      | Reached ** piety under Kikubaaqudgha
  6458 | D:6      | Reached skill level 2 in Ice Magic
  6458 | D:6      | Reached XP level 9. HP: 39/39 MP: 21/21
  6899 | D:7      | Reached skill level 1 in Fighting
  6972 | D:7      | Noticed Tux's ghost (novice DsFi)
  7057 | D:7      | Killed Tux's ghost
  7057 | D:7      | Reached skill level 4 in Fighting
  7271 | D:7      | Reached skill level 8 in Spellcasting
  7382 | D:7      | Reached skill level 4 in Dodging
  7476 | D:7      | Found a basalt altar of Yredelemnul.
  7812 | D:3      | Reached skill level 5 in Dodging
  8147 | D:3      | Reached skill level 5 in Fighting
  8588 | D:6      | Reached skill level 6 in Dodging
  8688 | D:8      | Reached *** piety under Kikubaaqudgha
  8688 | D:8      | Received a gift from Kikubaaqudgha
  8690 | D:8      | Identified Kikubaaqudgha's Collected Works on Unholy Rites (Kikubaaqudgha gifted it to you on level 8 of the Dungeon)
  8902 | D:8      | Reached XP level 10. HP: 39/52 MP: 23/23
  8911 | D:8      | Reached skill level 7 in Dodging
  8993 | D:8      | Found a sacrificial altar of Ru.
  9409 | D:8      | Reached skill level 6 in Fighting
  9676 | D:9      | Reached skill level 8 in Dodging
  9788 | D:9      | Noticed Psyche
  9869 | D:9      | Killed Psyche
 10026 | D:9      | Reached skill level 9 in Dodging
 10075 | D:9      | Found a deep blue altar of Sif Muna.
 10460 | D:9      | Found an opulent altar of Gozag.
 10539 | D:9      | Reached skill level 7 in Fighting
 10773 | D:9      | Reached **** piety under Kikubaaqudgha
 11351 | D:7      | Reached skill level 8 in Fighting
 11397 | D:8      | Gained mutation: You have a somewhat thin skeletal structure. (Dex +2, Stealth) [potion of beneficial mutation]
 11398 | D:8      | Gained mutation: You are partially covered in slimy green scales. (AC +2) [potion of mutation]
 11398 | D:8      | Gained mutation: You tend to lose your temper in combat. [potion of mutation]
 11399 | D:8      | Gained mutation: You expend magic power (3 MP) to strengthen your wands. [potion of mutation]
 11399 | D:8      | Gained mutation: Your mind is acute. (Int +2) [potion of mutation]
 11399 | D:8      | Gained mutation: Your mind is very acute. (Int +4) [potion of mutation]
 11401 | D:8      | Quit the game

Skill      XL: |  1  2  3  4  5  6  7  8  9 10 |
---------------+-------------------------------+-----
Hexes          | 4 5 6 7 8 |  8.0
Short Blades   | 2 3 4 5 |  5.0
Spellcasting   | 3 4 5 7 8 |  8.2
Stealth        | 5 6 7 8 10 | 10.0
Ice Magic      | 2 |  2.0
Fighting       | 5 8 |  8.1
Dodging        | 6 9 |  9.5

Vault maps used:
D:1:      dpeg_arrival_rooms_with_view
D:2:      lemuel_coloured_pillars_altar, uniq_terence
D:3:      gammafunk_temple_overflow_claw, st_stairs_7, uniq_natasha
D:4:      first_bread, kennysheep_pointless_box, okawaru_trees_2, uniq_duvessa,
          uniq_robin
D:5:      hangedman_decor_riveting, abandoned_shop
D:6:      kennysheep_slugbush, tgw_kikubaaqudgha, uniq_sigmund, uniq_eustachio
D:7:      kennysheep_little_box, grunt_livestock
D:8:      nicolae_whirlpool, nicolae_overflow_hidden_temple,
          grunt_decor_fettered
D:9:      led_sif_book, grunt_gozag_statues, uniq_psyche

Vanquished Creatures
  The ghost of Tux the Skirmisher, a novice DsFi
  The ghost of heinrich the Slasher, a novice HESk of Hepliaklqana Psyche
  A troll Sigmund
  A hog
  2 humans Eustachio
  A hungry ghost
  A hippogriff
  A porcupine Duvessa
  3 orc warriors
  An ice beast
  2 sky beasts
  A wasp
  3 phantoms
  A black bear
  4 ogres
  6 centaurs
  5 giant frogs Dowan
  3 scorpions
  6 killer bees
  2 electric eels
  3 crimson imps
  5 howler monkeys
  6 hounds
  2 jellies
  A giant frog skeleton
  2 centaur skeletons
  8 orc priests
  4 orc wizards
  Terence Natasha (thrice)
  3 iguanas
  4 worker ants
  3 sheep
  3 hound skeletons
  A worker ant zombie Robin
  A howler monkey skeleton
  12 adders
  4 shadow imps
  An ooze
  5 worms
  8 dart slugs
  4 giant geckos
  25 orcs
  A ball python
  4 bats
  4 giant cockroaches
  16 goblins
  8 hobgoblins
  4 jackals
  8 kobolds
  8 quokkas
  2 giant gecko zombies
  5 giant newts
  A quokka zombie
  13 rats
235 creatures vanquished.
